 Dungeon Crawl Stone Soup version 0.32-a0-468-g38b2580584 (webtiles) character file.

Game seed: 6635061097294615777

34 Armakuni the Shield-Bearer (level 3, -3/26 HPs)
             Began as a Human Wanderer on Feb 25, 2024.
             Slain by a ribbon worm (4 damage)
             ... on level 2 of the Dungeon.
             The game lasted 00:03:14 (1709 turns).

Armakuni the Shield-Bearer (Human Wanderer)         Turns: 1709, Time: 00:03:15

Health: -3/26      AC:  3    Str: 11    XL:     3   Next: 31%
Magic:  7/7        EV: 10    Int: 14    God:
Gold:   12         SH:  6    Dex: 13    Spells: 1/8 levels left

rFire   . . .        a - +0 short sword
rCold   . . .        c - +2 buckler
rNeg    . . .        e - +0 robe
rPois   .            (no helmet)
rElec   .            (no cloak)
rCorr   .            k - +0 pair of gloves
SInv    .            (no boots)
Will    .....        A - amulet of the acrobat
Stlth   +            (no ring)
HPRegen 0.24/turn    (no ring)
MPRegen 0.10/turn

%: acrobat
@: no status effects
A: explore regen
a: no special abilities


You were on level 2 of the Dungeon.
You visited 1 branch of the dungeon, and saw 2 of its levels.

You collected 12 gold pieces.

Inventory:

Hand Weapons
 a - a +0 short sword (weapon)
Missiles
 b - 9 boomerangs (quivered)
Armour
 c - a +2 buckler (worn)
 e - a +0 robe (worn)
 k - a +0 pair of gloves (worn)
Jewellery
 A - an amulet of the acrobat (around neck)
Scrolls
 f - a scroll of identify {unknown}
 g - a scroll of teleportation {unknown}
 h - a scroll of acquirement {unknown}
 i - a scroll of poison {unknown}
Potions
 d - a potion of lignification
 j - a potion of ambrosia {unknown}


   Skills:
 - Level 1.0 Fighting
 + Level 2.8 Short Blades
 - Level 2.0 Throwing
 - Level 3.0 Shields
 - Level 3.0 Spellcasting
 - Level 1.0 Evocations


You had one spell level left.
You knew the following spells:

 Your Spells              Type           Power      Damage    Failure   Level
a - Blink                 Tloc           4%         N/A       41%         2
l - Lesser Beckoning      Tloc           4%         N/A       41%         2
m - Mephitic Cloud        Conj/Alch/Air  2%         N/A       65%         3

Your spell library contained the following spells:

 Spells                   Type           Power      Damage    Failure   Level
 Ensorcelled Hibernation  Hex/Ice        4%         N/A       41%         2
 Jinxbite                 Hex            4%         N/A       41%         2
 Mercury Vapours          Alch/Air       4%         N/A       41%         2
 Momentum Strike          Conj/Tloc      4%         3d8       41%         2
 Freezing Cloud           Conj/Ice/Air   1%         6-21      100%        5
 Malign Gateway           Summ/Tloc      1%         N/A       100%        7
 Summon Horrible Things   Summ           1%         N/A       100%        8


Dungeon Overview and Level Annotations

Branches:
Dungeon (2/15)

Altars:


Innate Abilities, Weirdness & Mutations

You regain HP and MP as you explore.


Message History

The ribbon worm bites you but does no damage.
You barely miss the ribbon worm.
The ribbon worm is heavily wounded.
You hit the ribbon worm.
The ribbon worm is heavily wounded.
The ribbon worm bites you.
You hit the ribbon worm.
The ribbon worm is severely wounded.
The ribbon worm bites you but does no damage.
You hit the ribbon worm.
The ribbon worm is severely wounded.
You hit the ribbon worm but do no damage.
The ribbon worm is severely wounded.
The ribbon worm bites you.
You hit the ribbon worm.
The ribbon worm is severely wounded.
The ribbon worm expels a string of sticky webbing.
The stream of webbing hits you but does no damage.
You are caught in a web!
The web tears apart.
You hit the ribbon worm but do no damage.
The ribbon worm is severely wounded.
The ribbon worm expels a string of sticky webbing.
The stream of webbing hits you but does no damage.
You are caught in a web!
You struggle to detach yourself from the web.
The ribbon worm bites you!
* * * LOW HITPOINT WARNING * * *
The web tears apart.
The ribbon worm bites you.
* * * LOW HITPOINT WARNING * * *
You hit the ribbon worm.
The ribbon worm is severely wounded.
The ribbon worm bites you.
* * * LOW HITPOINT WARNING * * *
You hit the ribbon worm.
The ribbon worm is severely wounded.
You hit the ribbon worm.
The ribbon worm is almost dead.
The ribbon worm bites you.
You die...

##.#........#....####.....#
.....##........### #.....#
#... #.....#.## #.....#
#..#....##.# #####.....#
..#......#..###....<#.).#
$.................######....#
..........)........# ...##
=................... ...#
............@..(..# ....
......#......w.....# ##.
.$...#####.......... .....
..........## .. <..........#
####.......... #........##
##........


You could see a ribbon worm.

Vanquished Creatures
  3 bats
  3 endoplasms (D:1)
  2 giant cockroaches (D:1)
  2 jackals (D:1)
  2 quokkas (D:1)
  5 ball pythons (D:1)
  4 frilled lizards (D:1)
  4 goblins (D:1)
  4 kobolds
  3 rats (D:1)
32 creatures vanquished.

Notes
Turn   | Place    | Note
-------+----------+-------------------------------------------
     0 | D:1      | Armakuni the Human Wanderer began the quest for the Orb.
     0 | D:1      | Armakuni set off with the following items: a +0 dagger, 9
                  | boomerangs, a +2 buckler, a potion of lignification, a +0
                  | robe; and the following spells available to memorise:
                  | Ensorcelled Hibernation, Jinxbite.
     0 | D:1      | Reached XP level 1. HP: 15/15 MP: 4/4
    86 | D:1      | Reached skill level 1 in Short Blades
   341 | D:1      | Reached XP level 2. HP: 20/21 MP: 6/6
   788 | D:1      | Learned a level 2 spell: Blink
   791 | D:1      | Learned a level 2 spell: Lesser Beckoning
  1232 | D:1      | Reached XP level 3. HP: 11/26 MP: 7/7
  1319 | D:1      | Learned a level 3 spell: Mephitic Cloud
  1707 | D:2      | HP: 1/26 [ribbon worm (4)]
  1709 | D:2      | Slain by a ribbon worm

Illustrated notes

Levels and vault maps discovered:
D:1:      scummos_arrival_simple_fountains, layout_basic
D:2:      layout_rooms, nicolae_ecumenical_lake_church, basic_altar

Skill      XL: |  1  2 |
---------------+-------+-----
Short Blades   | 1 2 |  2.8
Fighting       | |  1.0
Throwing       | |  2.0
Shields        | |  3.0
Spellcasting   | |  3.0
Evocations     | |  1.0

Action                     || total
---------------------------++-------
  Melee: Short sword       ||   178
         Dagger            ||    16
    Use: Scroll            ||     1
   Stab: Sleeping          ||     2
 Armour: Robe              ||    89
  Dodge: Dodged            ||    66
  Block: Buckler           ||    62

Table legend: (Time is in decaauts)
 A = Elapsed time spent in this place.
 B = Non-inter-level travel time spent in this place.
 C = Inter-level travel time spent in this place.
 D = Time resting spent in this place.
 E = Time spent auto-exploring this place.
 F = Levels seen in this place.
 G = Mean time per level.
                   A        B        C        D        E       F      G
               +--------+--------+--------+--------+--------+-----+--------+
         Total |   1700 |   1657 |     43 |     57 |   1220 |   2 |  850.0 |
       Dungeon |   1700 |   1657 |     43 |     57 |   1220 |   2 |  850.0 |
               +--------+--------+--------+--------+--------+-----+--------+

Top non-repeatable levels by time:
     D:1: 1609 daAuts
     D:2: 90 daAuts
